AoeStats
← 騷護士

Nomad

510047518Analyzed
4v4 RM · 4d ago on Sep 29, 2026· 29m 55s· 8 players
Game mode
Random Map
Map size
231×231
Population
200
Speed
Normal
Resources
Standard
Victory
Conquest
Starting age
Dark Age
Ending age
Imperial Age
RankedLock teamsTeams togetherTeam positionsShared explorationLock speedFull tech treeHidden civsTurbo modeCheats
Victory
Defeat
🇭🇰 Varangians · Hong Kong SAR China
1585
+10
🇹🇼 Danes · Taiwan
1561
+11
🇧🇷 Italians · Brazil
1531
+12
🇦🇺 Koreans · Australia
1441
+15
🇹🇷 Koreans · Türkiye
1469
-13
🇹🇷 Mongols · Türkiye
1457
-13
🇹🇼 Sicilians · Taiwan
1424
-11
🇺🇸 Japanese · United States
1402
-11
peterzjx
4:32 Loom
13:14 Feudal Age
17:38 Castle Age
16:20 Double-Bit Axe
18:20 Fletching
swipp
5:15 Loom
12:08 Feudal Age
16:51 Castle Age
16:12 Fletching
27:53 Double-Bit Axe
chengyenfa
4:55 Loom
12:22 Feudal Age
12:48 Town Watch
12:49 Double-Bit Axe
15:51 Wheelbarrow
16:19 Fletching
16:42 Scale Mail Armor
22:56 Castle Age
21:39 Forging
21:29 Gold Mining
22:26 Fishing Lines
22:30 Horse Collar
23:57 Bow Saw
24:17 Chain Mail Armor
24:47 Medium Warships
25:46 Bodkin Arrow
27:44 Iron Casting
csknahmet27
3:35 Loom
13:37 Feudal Age
17:50 Castle Age
18:32 Double-Bit Axe
18:28 Horse Collar
騷護士
4:09 Loom
14:27 Feudal Age
19:31 Castle Age
19:35 Fletching
26:27 Double-Bit Axe
Andy
4:40 Loom
14:10 Feudal Age
15:01 Double-Bit Axe
15:06 Fishing Lines
17:48 Castle Age
15:44 Gold Mining
18:24 Fletching
18:53 Bow Saw
18:37 Gillnets
21:18 Forging
23:21 Iron Casting
23:52 Town Watch
NØRTHLANE
3:59 Loom
13:45 Feudal Age
16:49 Fishing Lines
20:47 Fletching
26:15 Castle Age
24:49 Gold Mining
24:45 Double-Bit Axe
26:51 Bodkin Arrow
28:20 Bow Saw
28:33 Town Watch
逆·风
5:15 Loom
14:15 Feudal Age
14:43 Double-Bit Axe
14:40 Fishing Lines
15:03 Town Watch
18:17 Castle Age
16:27 Gold Mining
16:21 Horse Collar
18:09 Fletching
18:20 Padded Archer Armor
18:13 Stone Mining
19:56 Medium Warships
19:45 Bodkin Arrow
20:15 Gillnets
21:23 Wheelbarrow
21:56 Bow Saw
25:23 Leather Archer Armor
25:26 Hand Cart
28:03 Heavy Plow
29:22 Ballistics
29:27 Treadmill Crane
29:58 Masonry
32:30 Imperial Age
Connection lost

Rejoining the realm…

Still unreachable

The connection could not be restored.

Session expired

The server has moved on; the page needs a fresh start.